 Dungeon Crawl Stone Soup version 0.27.0-1-g7a089689b8 (webtiles) character file.

Game seed: 8199699194330979958

1695 ZARRMARR the Cleaver (level 9, 0/78 HPs)
             Began as a Hill Orc Monk on Aug 14, 2021.
             Killed from afar by a steam dragon (8 damage)
             ... with a ball of steam
             ... on level 6 of the Dungeon.
             The game lasted 00:35:37 (7891 turns).

ZARRMARR the Cleaver (Hill Orc Monk)                Turns: 7891, Time: 00:35:37

Health: 0/78       AC: 16    Str: 20      XL:     9   Next: 3%
Magic:  9/9        EV:  9    Int: 13 (14) God:
Gold:   88         SH:  0    Dex: 13      Spells: 8/8 levels left

rFire    . . .     SeeInvis .   a - +0 hand axe
rCold    . . .     Faith    .   (no shield)
rNeg     . . .     Spirit   .   i - +0 chain mail
rPois    .         Reflect  .   (no helmet)
rElec    +         Harm     .   c - scarf {shadows}
rCorr    +         Rampage  .   (no gloves)
Will     .....                  m - +1 pair of boots
Stlth    ..........             (no amulet)
HPRegen  0.23/turn              j - +4 ring of protection
MPRegen  0.11/turn              u - ring of the Robin {Fly rElec rCorr Str+3 Int+4}

@: flying
A: no striking features
a: no special abilities


You were on level 6 of the Dungeon.
You visited 2 branches of the dungeon, and saw 7 of its levels.

You collected 173 gold pieces.
You spent 85 gold pieces at shops.

Inventory:

Hand Weapons
 a - a +0 hand axe (weapon)
 k - a +4 dagger of draining
 r - the +9 staff of Wucad Mu {*channel}
   (You found it on level 4 of the Dungeon)

   It occasionally powers its wielder's spells, but with a chance of causing
   confusion or draining the wielder's intelligence.
   It becomes more likely to activate and less likely to backfire with increased
   Evocations skill.
Missiles
 g - 173 stones (quivered)
Armour
 c - a scarf of shadows (worn)
 i - a +0 chain mail (worn)
 m - a +1 pair of boots (worn)
Jewellery
 j - a +4 ring of protection (left hand)
 u - the ring of the Robin (right hand) {Fly rElec rCorr Str+3 Int+4}
   (You acquired it on level 5 of the Dungeon)

   [ring of flight]

   Str:       It affects your strength (+3).
   Int:       It affects your intelligence (+4).
   rElec:     It insulates you from electricity.
   Fly:       It grants you flight.
   rCorr:     It protects you from acid and corrosion.
 v - an amulet of magic regeneration
 x - a ring of protection from fire
Wands
 f - a wand of charming (9)
 w - a wand of iceblast (11)
Scrolls
 e - 3 scrolls of amnesia
 p - 2 scrolls of immolation
 q - a scroll of torment
 s - a scroll of vulnerability
Potions
 d - a potion of brilliance
 l - a potion of curing


   Skills:
 + Level 6.6 Fighting
 + Level 10.3 Axes
 + Level 2.2 Throwing
 + Level 5.9 Armour
 + Level 3.5 Dodging
 - Level 1.6 Stealth


You had 8 spell levels left.
You didn't know any spells.
Your spell library contained the following spells:

 Spells                   Type           Power      Damage    Failure   Level
 Animate Skeleton         Necr           0%         N/A       95%         1
 Pain                     Necr           0%         1d4       95%         1
 Vampiric Draining        Necr           0%         2d6       100%        3


Dungeon Overview and Level Annotations

Branches:
Dungeon (6/15)             Temple (1/1) D:5

Altars:
Ashenzari
Cheibriados
Dithmenos
Elyvilon
Gozag
Hepliaklqana
Kikubaaqudgha
Makhleb
Nemelex Xobeh
Qazlal
Ru
Sif Muna
Trog
Vehumet
Wu Jian
Xom
Yredelemnul
Zin

Shops:
D:1 *


Message History

The adder is heavily wounded.
The adder bites you.
* * * LOW HITPOINT WARNING * * *
You miss the adder.
The adder is heavily wounded.
The adder bites you but does no damage.
You hit the adder.
The adder is severely wounded.
The adder bites you but does no damage.
You hit the adder.
You kill the adder!
g - 171 stones (gained 1)
g - 172 stones (gained 1)
g - 173 stones (gained 1)
You hear the brisk hiss of a distant avalanche of sand.
A steam dragon comes into view.
The steam dragon hisses angrily.
Found a helmet.
As you read the scroll of fog, it crumbles to dust.
The scroll dissolves into smoke.
You hit the steam dragon.
The steam dragon is lightly wounded.
The steam dragon breathes steam at you. The ball of steam misses you.
You hit the steam dragon but do no damage.
The steam dragon is lightly wounded.
You completely miss the steam dragon.
The steam dragon is lightly wounded.
The steam dragon bites you but does no damage.
The steam dragon claws you but does no damage.
You hit the steam dragon.
The steam dragon is moderately wounded.
The steam dragon bites you but does no damage.
The steam dragon claws you.
* * * LOW HITPOINT WARNING * * *
You hit the steam dragon but do no damage.
The steam dragon is moderately wounded.
The steam dragon breathes steam at you. The ball of steam hits you!
You die...

#.. #.. #
#..
####.###
####.#
#§D§.[..
#.....
#@#
#.##.#
#§#
#.##..
######§#
#.##..
#......#
####.##.#
#.###+##
#.......#
#.#
#.##.....
#.#
#.#######
#.+ +.#
#.# #.#


You could see a steam dragon (catching breath).

Vanquished Creatures
  2 yaks
  An acid dragon (D:6)
  2 sky beasts (D:5)
  A black bear (D:4)
  A necrophage (D:6)
  An ogre (D:4)
  A phantom (D:5)
  A bullfrog (D:6)
  3 scorpions
  A water moccasin zombie (D:5)
  A wyvern skeleton (D:6)
  3 hounds
  A jelly (D:5)
  Jessica (D:3)
  An iguana (D:6)
  3 orc wizards
  A killer bee zombie (D:5)
  A hound skeleton (D:4)
  5 adders
  2 worms
  A dart slug (D:1)
  10 orcs
  7 bats
  7 endoplasms
  A giant cockroach (D:3)
  5 goblins
  9 hobgoblins
  14 jackals
  4 kobolds
  6 quokkas
  8 ball pythons
  2 frilled lizards
  2 rats
109 creatures vanquished.

Vanquished Creatures (others)
  An orc (D:5)
1 creature vanquished.

Grand Total: 110 creatures vanquished

Notes
Turn   | Place    | Note
-------+----------+-------------------------------------------
     0 | D:1      | ZARRMARR the Hill Orc Monk began the quest for the Orb.
     0 | D:1      | Reached XP level 1. HP: 19/19 MP: 1/1
   304 | D:1      | Reached XP level 2. HP: 27/27 MP: 2/2
  1003 | D:1      | Found Ezxununo's Assorted Antiques.
  1012 | D:1      | Reached XP level 3. HP: 23/33 MP: 3/3
  1671 | D:2      | Reached skill level 5 in Axes
  2391 | D:1      | Bought a scroll labelled ZAVEIH SEKHLUSE for 17 gold pieces
  2599 | D:3      | Noticed Jessica
  2605 | D:3      | Killed Jessica
  2606 | D:3      | Reached XP level 4. HP: 34/41 MP: 4/4
  3315 | D:4      | Found the +9 staff of Wucad Mu {*channel}
  3446 | D:4      | Reached skill level 6 in Axes
  3446 | D:4      | Reached XP level 5. HP: 36/47 MP: 5/5
  3538 | D:4      | Noticed a black bear
  3555 | D:4      | Killed a black bear
  3556 | D:4      | Reached skill level 1 in Throwing
  3556 | D:4      | Reached skill level 1 in Armour
  3556 | D:4      | Reached XP level 6. HP: 5/55 MP: 6/6
  4264 | D:4      | Reached skill level 5 in Fighting
  4543 | D:4      | Reached skill level 7 in Axes
  5091 | D:1      | Bought a scroll of identify for 34 gold pieces
  5091 | D:1      | Bought a scroll of identify for 34 gold pieces
  5184 | D:5      | Entered Level 5 of the Dungeon
  5184 | D:5      | Found a staircase to the Ecumenical Temple.
  5207 | D:4      | Reached XP level 7. HP: 57/61 MP: 7/7
  5263 | Temple   | Entered the Ecumenical Temple
  6182 | D:4      | Reached skill level 8 in Axes
  6631 | D:5      | Identified a scroll of acquirement
  6632 | D:5      | Acquired the ring of the Robin {Fly rElec rCorr Str+3
                  | Int+4}
  6714 | D:5      | Reached XP level 8. HP: 55/70 MP: 8/8
  7128 | D:5      | Reached skill level 9 in Axes
  7522 | D:6      | Noticed a yak
  7522 | D:6      | Noticed a yak
  7522 | D:6      | Noticed a yak
  7537 | D:6      | Noticed a yak
  7594 | D:5      | Killed a yak
  7595 | D:5      | Reached skill level 5 in Armour
  7613 | D:6      | Killed a yak
  7657 | D:6      | Reached skill level 10 in Axes
  7687 | D:6      | Found an ancient bone altar of Kikubaaqudgha.
  7688 | D:6      | Found a shimmering blue altar of Sif Muna.
  7689 | D:6      | Found a radiant altar of Vehumet.
  7852 | D:6      | Reached XP level 9. HP: 7/78 MP: 9/9
  7891 | D:6      | Killed from afar by a steam dragon

Illustrated notes

Levels and vault maps discovered:
D:1:      evilmike_arrival_hilbert_curve, layout_basic, serial_shops,
          nicolae_shop_temple_entry_statues_fountains
D:2:      layout_basic, minmay_stone_trees_small, minmay_tripent
D:3:      layout_loops_ring, serial_bayou_pond_d, kennysheep_generic_room_4,
          uniq_jessica
D:4:      layout_loops_cross
D:5:      layout_gridville, minmay_temple_entry_drinking_statues
D:6:      layout_loops_cross, grunt_temple_overflow_magic_moments,
          mainiacjoe_overflow_24_doors, nicolae_ossuary_entry_catacombs,
          uniq_edmund
Temple:   regret_index_temple_generic_petals

Skill      XL: |  1  2  3  4  5  6  7  8 |
---------------+-------------------------+-----
Fighting       | 4 5 6 |  6.6
Axes           | 5 6 7 8 10 | 10.3
Dodging        | 3 |  3.5
Throwing       | 1 2 |  2.2
Armour         | 1 2 4 5 |  5.9
Stealth        | |  1.6

Action                   |  1- 3 |  4- 6 |  7- 9 || total
-------------------------+-------+-------+-------++-------
Melee: Hand axe          |   148 |   155 |   339 ||   642
Throw: Stone             |     8 |    47 |    42 ||    97
  Use: Scroll            |     4 |     2 |     8 ||    14
       Potion            |       |     1 |     4 ||     5
 Stab: Sleeping          |     5 |       |       ||     5
Armor: Robe              |    21 |       |       ||    21
       Chain mail        |    21 |   100 |   203 ||   324
Dodge: Dodged            |   104 |    51 |    99 ||   254
